Map: Darkness Sanctuary LE

Players

Lambo - Winner!

  • Race: Zerg Zerg
  • Spawn Location: 7:00

StevenBonnel (PtitDrogo)

  • Race: Protoss Protoss
  • League: Master
  • Spawn Location: 11:00

Event: WCS Austin 2018

VOD

Have the link to the VOD?

Description

Time

  • Played on: June 1, 2018, 10:32 p.m.
  • Length: 7:16

All games in this series

Show
View Real Time Build Order
Export as new Build Order

Lambo Zerg - Winner!

Build Orders: Pool First 

Get SALT Encoding   

  12  0:00  Drone  
  13  0:14  Extractor  
  12  0:23  Spawning Pool  
  12  0:27  Drone  
  12  0:32  Drone  
  13  0:37  Drone  
  14  0:50  Overlord  
  16  1:11  Zergling x2  
  16  1:12  Zergling x4  
  16  1:16  Metabolic Boost  
  17  1:33  Drone  
  18  1:44  Hatchery  
  18  1:45  Drone  
  18  1:57  Queen  
  18  2:00  Drone  
  21  2:07  Overlord  
  21  2:10  Drone  
  22  2:27  Drone x2  
  24  2:32  Queen  
  26  2:37  Drone  
  27  2:49  Drone  
  28  2:57  Hatchery  
  27  3:00  Drone x2  
  29  3:06  Drone x2  
  29  3:12  Overlord  
  31  3:14  Drone  
  31  3:16  Drone  
  31  3:19  Drone  
  34  3:25  Drone  
  35  3:28  Drone  
  36  3:34  Drone  
  36  3:41  Drone x3  
  40  3:42  Drone x3  
  40  3:45  Queen  
  40  3:46  Extractor  
  45  3:50  Spore Crawler  
  45  3:52  Spore Crawler  
  45  3:53  Drone  
  45  3:55  Overlord  
  44  4:08  Drone  
  45  4:13  Queen  
  45  4:14  Drone x5  
  45  4:16  Drone  
  53  4:20  Drone  
  53  4:21  Overlord  
  53  4:23  Spore Crawler  
  54  4:24  Drone x2  
  54  4:28  Drone x2  
  56  4:32  Spore Crawler, Drone  
  56  4:33  Drone  
  56  4:38  Drone  
  57  4:44  Drone x3  
  57  4:46  Drone  
  57  4:51  Roach Warren  
  56  4:54  Queen  
  56  4:55  Extractor  
  56  4:57  Extractor  
  55  5:09  Overlord x2  
  55  5:10  Queen  
  55  5:12  Overlord  
  57  5:14  Zergling x2  
  57  5:15  Zergling x8  
  57  5:18  Zergling x4  
  63  5:23  Overlord  
  63  5:27  Overlord  
  63  5:29  Overlord  
  63  5:34  Roach x6  
  75  5:41  Roach x3  
  81  5:48  Roach x2  
  81  5:49  Roach  
  87  5:54  Roach x2  
  91  5:58  Overlord, Roach  
  91  6:00  Roach  
  95  6:06  Roach x2  
  95  6:08  Queen  
  101  6:11  Overlord  
  101  6:17  Zergling x6  
  104  6:19  Ravager x2  
  104  6:21  Ravager  
  104  6:23  Zergling x6  
  110  6:29  Zergling x6  
  110  6:30  Ravager  
  110  6:31  Overlord  
  114  6:33  Zergling x2  
  114  6:37  Zergling x6  
  117  6:43  Zergling x8  
  120  6:50  Zergling x2  
  120  6:51  Zergling x4  
  120  6:53  Ravager x2  
  124  6:55  Zergling x2  
Show
View Real Time Build Order
Export as new Build Order

StevenBonnel Protoss 

Build Orders: Oracle Opening 

Get SALT Encoding   

  12  0:00  Probe  
  13  0:12  Probe  
  14  0:19  Pylon  
  14  0:24  Probe  
  15  0:33  Probe  
  15  0:41  Probe  
  16  0:43  Gateway  
  17  0:51  Assimilator  
  17  0:52  Probe  
  18  1:04  Probe  
  19  1:16  Gateway  
  19  1:20  Probe  
  20  1:29  Pylon  
  20  1:30  Gateway  
  20  1:33  Zealot  
  20  1:35  Cybernetics Core  
  20  1:38  Probe  
  23  1:50  Probe  
  24  1:57  Assimilator  
  24  2:02  Adept x2  
  24  2:13  Warp Gate  
  28  2:18  Probe  
  28  2:34  Nexus  
  28  2:37  Probe  
  29  2:48  Stargate  
  29  2:50  Probe  
  30  3:03  Probe  
  30  3:04  Pylon  
  31  3:19  Probe  
  32  3:27  Probe  
  32  3:29  Oracle  
  36  3:36  Probe  
  36  3:48  Probe  
  36  3:51  Probe  
  38  4:00  Probe  
  38  4:02  Probe  
  39  4:04  Oracle  
  43  4:10  Probe  
  43  4:12  Probe  
  45  4:18  Probe  
  45  4:19  Adept x2  
  45  4:22  Pylon  
  50  4:25  Probe  
  50  4:29  Probe  
  52  4:36  Pylon  
  52  4:37  Probe  
  53  4:39  Nexus  
  53  4:45  Phoenix  
  53  4:48  Probe  
  53  4:52  Probe  
  55  4:53  Assimilator, Pylon  
  55  4:55  Assimilator  
  57  5:00  Probe  
  57  5:05  Adept x2  
  57  5:06  Probe  
  63  5:12  Probe  
  64  5:18  Probe  
  65  5:24  Robotics Facility, Probe  
  65  5:25  Twilight Council  
  65  5:28  Forge  
  66  5:30  Probe  
  67  5:36  Probe  
  66  5:51  Probe  
  66  5:53  Probe  
  66  5:54  Probe  
  66  5:58  Gateway x2  
  66  6:01  Gateway  
  66  6:03  Gateway, Probe  
  67  6:05  Probe  
  67  6:06  Probe  
  67  6:10  Pylon  
  70  6:17  Robotics Facility  
  69  6:21  Sentry x2  
  69  6:23  Shield Battery  
  73  6:27  Photon Cannon  
  73  6:31  Photon Cannon  
  71  6:35  Immortal  
  75  6:46  Stalker  
  75  6:47  Stalker  
  75  6:53  Shield Battery  
  72  6:54  Pylon  
  72  6:58  Zealot x2  
  72  7:12  Zealot, Sentry  
  72  7:13  Zealot  
Tags
 
Add a new tag
Caveats
  • Supply blocks, unpowered buildings, or Contaminate may cause inaccurate times.
  • Supply counts are checked every 10 seconds.